 Dungeon Crawl Stone Soup version 0.26.0-16-gc1dbca0489 (webtiles) character file.

Game seed: 11822556524448604922

374 thiole the Sneak (level 6, -3/36 HPs)
             Began as an Octopode Hedge Wizard on Jan 20, 2021.
             Slain by an orc
             ... wielding a +0 flail
              (11 damage)
             ... on level 4 of the Dungeon.
             The game lasted 00:05:37 (3777 turns).

thiole the Sneak (Octopode Hedge Wizard)            Turns: 3777, Time: 00:05:38

Health: -3/36      AC:  1    Str: 10    XL:     6   Next: 72%
Magic:  2/12       EV: 13    Int: 18    God:
Gold:   108        SH:  0    Dex: 11    Spells: 7/13 levels left

rFire    . . .     SeeInvis +   a - +0 dagger
rCold    . . .     Faith    .   (no shield)
rNeg     . . .     Spirit   .   b - +0 hat
rPois    .         Reflect  .   (no amulet)
rElec    .         Harm     .   n - ring of see invisible
rCorr    .         Rampage  .   q - ring of wizardry
Will     .....                  (no ring)
Stlth    ++++......             (no ring)
HPRegen  0.12/turn              (no ring)
MPRegen  0.13/turn              (no ring)
                                (no ring)
                                (no ring)

@: no status effects
A: almost no armour, stealthy swim, amphibious, 8 rings, constrict 8, camouflage
1, gelatinous body 1
a: no special abilities


You were on level 4 of the Dungeon.
You visited 1 branch of the dungeon, and saw 4 of its levels.

You collected 108 gold pieces.

Inventory:

Hand Weapons
 a - a +0 dagger (weapon)
 s - a +2 flail of holy wrath
Missiles
 i - 187 stones
Armour
 b - a +0 hat (worn)
 t - a +0 kite shield
Jewellery
 n - a ring of see invisible (left tentacle)
 q - a ring of wizardry (right tentacle)
Scrolls
 c - 2 scrolls of identify
 d - a scroll of fog {unknown}
 e - a scroll of enchant weapon {unknown}
 f - 7 scrolls of teleportation {unknown}
 g - a scroll of immolation {unknown}
 j - 2 scrolls of blinking {unknown}
 k - a scroll of noise {unknown}
 l - a scroll of magic mapping {unknown}
Potions
 h - 2 potions of flight
 m - a potion of curing
 o - a potion of haste {unknown}
 p - a potion of mutation {unknown}
 r - a potion of heal wounds {unknown}


   Skills:
 - Level 2.0 Dodging
 + Level 4.8 Stealth
 + Level 4.1 Spellcasting
 - Level 2.0 Conjurations
 * Level 3.7 Summonings
 - Level 1.0 Translocations
 * Level 2.7 Air Magic


You had 7 spell levels left.
You knew the following spells:

 Your Spells              Type           Power        Failure   Level
a - Magic Dart            Conj           40%          2%          1
b - Call Imp              Summ           17%          1%          2
c - Mephitic Cloud        Conj/Pois/Air  9%           9%          3

Your spell library contained the following spells:

 Spells                   Type           Power        Failure   Level
 Beastly Appendage        Tmut           6%           6%          1
 Blink                    Tloc           N/A          6%          2
 Slow                     Hex            3%           9%          2
 Wereblood                Tmut           3%           9%          2
 Conjure Flame            Conj/Fire      7%           12%         3
 Spider Form              Tmut/Pois      1%           17%         3
 Ice Form                 Ice/Tmut       3%           47%         4
 Blade Hands              Tmut           1%           82%         5


Dungeon Overview and Level Annotations

Branches:
Dungeon (4/15)
 Temple: D:4-7

Altars:
Cheibriados

Portals:
Ossuary: D:4


Innate Abilities, Weirdness & Mutations

You cannot wear most types of armour.
You are very stealthy in the water. (Stealth+)
You are amphibious.
You can wear up to eight rings at the same time.
You can use your tentacles to constrict eight enemies at once.
Your skin changes colour to match your surroundings (Stealth+).
Your rubbery body absorbs attacks. (AC +1, EV +1)


Message History

Your shadow imp dies!
Your iron imp misses the iguana.
You hit the orc. You grab the orc.
The orc is moderately wounded.
You constrict the orc. The orc closely misses you.
You release your grip on the orc.
Your iron imp barely misses the iguana.
Your iron imp hits the worm zombie!
Your crimson imp hits the worm zombie.
Your crimson imp hits the worm zombie.
Casting: Call Imp (safe; 1% risk of failure)
Confirm with . or Enter, or press ? or * to list all spells.
A beastly little devil appears in a puff of flame.
The iguana barely misses you.
You feel better. The iguana bites you.
You swap places.
The iguana bites you!
* * * LOW HITPOINT WARNING * * *
The phantom hits your crimson imp!
Your crimson imp hits the worm zombie.
Your crimson imp barely misses the phantom.
The orc hits you with a +0 flail!
You die...

.#.##......######
....#>....##
.........## #........#
#..#.....###
....#......#
..#.....W..##
#...#####5l.# .# #.....
#.#@###### .##..##.
#.o5.#...# ....# #
##....†..# ....# #
##Z#....# ....### .< #.
#.5....# ..[...##... ..
##.....#
.##..........#.##.....#
......................#
.S..........∩...5#....#


You could see a phantom, an iguana, an orc, a worm zombie, a friendly iron imp
(summoned) and 2 friendly crimson imps.

Vanquished Creatures
  Sigmund (D:3)
  An orc wizard (D:3)
  Terence (D:1)
  5 adders
  A worm (D:3)
  6 dart slugs
  A leopard gecko (D:1)
  4 orcs (D:3)
  8 bats
  3 giant cockroaches
  7 goblins
  8 hobgoblins
  2 jackals (D:2)
  4 kobolds
  A frilled lizard (D:2)
  4 rats
57 creatures vanquished.

Vanquished Creatures (collateral kills)
  An iguana (D:4)
  A worker ant (D:4)
  A hobgoblin zombie (D:4)
  A kobold zombie (D:4)
4 creatures vanquished.

Grand Total: 61 creatures vanquished

Notes
Turn   | Place    | Note
-------+----------+-------------------------------------------
     0 | D:1      | thiole the Octopode Hedge Wizard began the quest for the
                  | Orb.
     0 | D:1      | Reached XP level 1. HP: 11/11 MP: 4/4
   399 | D:1      | Reached XP level 2. HP: 17/17 MP: 4/6
  1333 | D:2      | Reached XP level 3. HP: 21/21 MP: 3/7
  1342 | D:2      | Learned a level 2 spell: Call Imp
  1346 | D:2      | Learned a level 3 spell: Mephitic Cloud
  1435 | D:2      | Noticed Terence
  1460 | D:1      | Killed Terence
  1654 | D:2      | Reached XP level 4. HP: 20/27 MP: 3/9
  1905 | D:2      | Found a snail-covered altar of Cheibriados.
  2430 | D:3      | Noticed Sigmund
  2441 | D:3      | Killed Sigmund
  2442 | D:3      | Reached XP level 5. HP: 17/31 MP: 9/11
  2442 | D:3      | Reached XP level 6. HP: 20/36 MP: 9/12
  3642 | D:4      | Noticed a phantom
  3741 | D:4      | Found a sand-covered staircase.
  3777 | D:4      | Slain by an orc

Illustrated notes

Levels and vault maps discovered:
D:1:      shiori_arrival_elements, layout_basic
D:2:      layout_rooms, lemuel_altar_in_water, uniq_terence
D:3:      layout_rooms, serial_rivers, chequers_serial_rivers_micro_c,
          chequers_serial_rivers_micro_b, chequers_serial_rivers_large_a,
          chequers_serial_rivers_large_b, uniq_sigmund
D:4:      layout_rooms, enter_ossuary_3

Skill      XL: |  1  2  3  4 |
---------------+-------------+-----
Stealth        | 3 4 |  4.8
Conjurations   | 2 |  2.0
Summonings     | 2 3 |  3.7
Spellcasting   | 4 |  4.1
Air Magic      | 2 |  2.7
Dodging        | |  2.0
Translocations | |  1.0

Action                   |  1- 3 |  4- 6 || total
-------------------------+-------+-------++-------
Melee: Dagger            |    25 |    47 ||    72
       Constrict         |     6 |    14 ||    20
       Tentacles         |     4 |    13 ||    17
 Cast: Magic Dart        |    56 |    99 ||   155
       Call Imp          |       |    12 ||    12
  Use: Scroll            |       |     4 ||     4
       Potion            |       |     2 ||     2
 Stab: Sleeping          |       |     1 ||     1
Armor: Skin              |     3 |     2 ||     5
Dodge: Dodged            |    16 |    33 ||    49
